 Dungeon Crawl Stone Soup version 0.27-a0-828-g8289197e94 (webtiles) character file.

Game seed: 1353620617769401424

782 dickylongcocking the Insei (level 7, -1/46 HPs)
             Began as an Octopode Transmuter on Mar 30, 2021.
             Was a Follower of Nemelex Xobeh.
             Shot with a bolt by a yaktaur (27 damage)
             ... summoned by the player character
             ... on level 6 of the Dungeon.
             The game lasted 00:03:39 (6397 turns).

dickylongcocking the Insei (Octopode Transmuter)    Turns: 6397, Time: 00:03:39

Health: -1/46      AC:  1    Str: 10    XL:     7   Next: 86%
Magic:  10/10      EV: 13    Int: 17    God:    Nemelex Xobeh [*.....]
Gold:   240        SH:  0    Dex: 12    Spells: 6/10 levels left

rFire    . . .     SeeInvis .     - Unarmed
rCold    . . .     Faith    +   (no shield)
rNeg     . . .     Spirit   .   (helmet restricted)
rPois    .         Reflect  .   e - amulet of faith
rElec    .         Harm     .   (no ring)
rCorr    .         Rampage  .   (no ring)
Will     .....                  (no ring)
Stlth    +++.......             (no ring)
HPRegen  0.15/turn              (no ring)
MPRegen  0.12/turn              (no ring)
                                (no ring)
                                (no ring)

@: no status effects
A: almost no armour, amphibious, 8 rings, camouflage 1, gelatinous body 1,
(nimble swimmer 1), tentacles
a: Renounce Religion, Draw Escape, Draw Destruction, Draw Summoning


You were on level 6 of the Dungeon.
You worshipped Nemelex Xobeh.
Nemelex Xobeh was aware of your devotion.
You visited 2 branches of the dungeon, and saw 7 of its levels.

You collected 266 gold pieces.
You spent 26 gold pieces at shops.

Inventory:

Jewellery
 e - an amulet of faith (around mantle)
 i - an amulet of reflection
 n - a +6 ring of dexterity
Wands
 m - a wand of random effects (7)
Scrolls
 b - 2 scrolls of blinking {unknown}
 c - a scroll of amnesia {unknown}
 d - 2 scrolls of magic mapping {unknown}
 f - a scroll of enchant armour {unknown}
 g - a scroll of enchant weapon {unknown}
 h - a scroll of fear {unknown}
 j - a scroll of vulnerability
 k - 3 scrolls of identify
 l - 2 scrolls of teleportation {unknown}
 o - a scroll of fog {unknown}
Potions
 a - 2 potions of curing


   Skills:
 + Level 3.0 Fighting
 - Level 2.0 Dodging
 + Level 4.0 Stealth
 + Level 6.1 Unarmed Combat
 - Level 2.0 Spellcasting
 * Level 4.6 Transmutations
 * Level 2.3 Invocations


You had 6 spell levels left.
You knew the following spells:

 Your Spells              Type           Power      Damage    Failure   Level
a - Beastly Appendage     Tmut           34%        N/A       2%          1
b - Spider Form           Tmut/Pois      4%         N/A       22%         3

Your spell library contained the following spells:

 Spells                   Type           Power      Damage    Failure   Level
 Wereblood                Tmut           17%        N/A       4%          2
 Passwall                 Tmut/Erth      7%         N/A       11%         2
 Animate Skeleton         Necr           2%         N/A       19%         1
 Apportation              Tloc           2%         N/A       19%         1
 Corona                   Hex            1%         N/A       19%         1
 Sandblast                Erth           2%         2d4       19%         1
 Summon Small Mammal      Summ           4%         N/A       19%         1
 Stone Arrow              Conj/Erth      2%         3d7       50%         3
 Ice Form                 Ice/Tmut       9%         N/A       58%         4
 Petrify                  Tmut/Erth      9%         N/A       58%         4
 Hydra Form               Tmut           8%         N/A       61%         5
 Lee's Rapid Deconstruct  Erth           0%         3d5*      99%         5


Dungeon Overview and Level Annotations

Branches:
Dungeon (6/15)             Temple (1/1) D:4

Altars:
Ashenzari
Cheibriados
Dithmenos
Elyvilon
Fedhas
Gozag
Makhleb
Nemelex Xobeh
Okawaru
Qazlal
Ru
Sif Muna
Trog
Uskayaw
Vehumet
Wu Jian
Xom
Yredelemnul
Zin
The Shining One

Shops:
D:1 ?   D:2 =


Innate Abilities, Weirdness & Mutations

You cannot wear most types of armour.
You are amphibious.
You can wear up to eight rings at the same time.
Your skin changes colour to match your surroundings (Stealth+).
Your rubbery body absorbs attacks. (AC +1, EV +1)
((You are camouflaged near water. (Stealth+)))
You have tentacles for arms and can constrict up to eight enemies at once.


Message History

Where to? (Enter - D:5, ? - help)
There is a stone staircase leading down here.
You climb downwards.
A scorpion and a phantom come into view.
Found a robe and an orange potion.
There is a stone staircase leading up here.
There are monsters nearby!
There are monsters nearby!
Found 14 gold pieces.
You barely miss the phantom. The phantom hits you!
The phantom blinks!
You blink.
The phantom closely misses you.
There is a stone staircase leading up here.
The phantom hits you.
The phantom blinks!
You blink.
You stop ascending the stairs.
Found an escape hatch in the floor.
A white imp comes into view.
Unknown command.
Casting: Spider Form (quite dangerous; 22% risk of failure)
Confirm with . or Enter, or press ? or * to list all spells.
Okay, then.
Okay, then.
You draw a card...
You have drawn the Rangers.
The deck of cards glows slightly and disappears.
The phantom hits you!
Unknown command.
The phantom closely misses you.
Your yaktaur barely misses the phantom.
Your yaktaur hits the phantom! The phantom hits you.
The phantom blinks!
You blink.
Your yaktaur wields a +0 arbalest.
Your yaktaur shoots a bolt.
The bolt hits the phantom!!
The phantom is destroyed!
Your yaktaur hits the scorpion!
Your Stealth skill increases to level 4!
Your yaktaur wields a +0 arbalest.
Your yaktaur shoots a bolt.
The bolt closely misses the scorpion.
The bolt hits you!!
Ouch! That really hurt!
You die...
Your body disappears without a glow.

####### ######
##.....##.....#
##..............
#<..............
#...[...........
#.......!......5
#...............
#.....c§........
##....@s.c.......
..........c.$.....
..####......#.....#
# ######.......>
#...##### ...##
##.# .. #.


You could see a scorpion (ally target) and 3 friendly yaktaurs.

Vanquished Creatures
  A sky beast (D:5)
  A black bear (D:4)
  A phantom (D:4)
  A bullfrog (D:5)
  A scorpion (D:4)
  3 hounds
  A bullfrog skeleton (D:4)
  A centaur skeleton (D:4)
  2 iguanas
  2 hound skeletons
  A howler monkey skeleton (D:4)
  8 adders
  2 adder skeletons
  2 worms
  A dart slug (D:3)
  An orc (D:4)
  4 endoplasms
  2 giant cockroaches (D:2)
  4 goblins
  4 hobgoblins
  3 jackals (D:3)
  6 quokkas
  5 ball pythons
  2 bats (D:2)
  5 frilled lizards
  4 kobolds
  3 rats (D:2)
71 creatures vanquished.

Vanquished Creatures (collateral kills)
  A phantom (D:6)
1 creature vanquished.

Grand Total: 72 creatures vanquished

Notes
Turn   | Place    | Note
-------+----------+-------------------------------------------
     0 | D:1      | dickylongcocking the Octopode Transmuter began the quest
                  | for the Orb.
     0 | D:1      | Reached XP level 1. HP: 13/13 MP: 3/3
   955 | D:1      | Reached XP level 2. HP: 2/18 MP: 5/5
  1522 | D:1      | Found Joegi's Magic Scroll Emporium.
  1525 | D:1      | Bought a scroll of identify for 26 gold pieces
  1912 | D:2      | Found Fiumus's Jewellery Emporium.
  1931 | D:2      | Reached skill level 4 in Unarmed Combat
  1976 | D:2      | Reached XP level 3. HP: 23/23 MP: 6/6
  2462 | D:2      | Found a glowing silver altar of Zin.
  2471 | D:2      | Reached XP level 4. HP: 25/28 MP: 7/7
  2491 | D:2      | Reached skill level 5 in Unarmed Combat
  2491 | D:2      | Found a white marble altar of Elyvilon.
  2491 | D:2      | Found a sparkling altar of Nemelex Xobeh.
  2494 | D:2      | Found an ornate altar of the Wu Jian Council.
  2495 | D:2      | Found a glowing golden altar of the Shining One.
  2505 | D:2      | Became a worshipper of Nemelex Xobeh the Trickster
  3722 | D:4      | Reached XP level 5. HP: 20/33 MP: 8/8
  3899 | D:4      | Reached * piety under Nemelex Xobeh
  3943 | D:4      | Found a broken altar of Ashenzari.
  4206 | D:4      | Reached skill level 1 in Stealth
  4491 | D:4      | Noticed a phantom
  4518 | D:4      | Killed a phantom
  4519 | D:4      | Reached XP level 6. HP: 11/39 MP: 9/9
  4523 | D:4      | Learned a level 3 spell: Spider Form
  4839 | D:4      | Found a staircase to the Ecumenical Temple.
  4866 | D:4      | Noticed a black bear
  4875 | D:4      | Killed a black bear
  4876 | D:4      | Reached XP level 7. HP: 38/45 MP: 10/10
  4901 | Temple   | Entered the Ecumenical Temple
  5557 | D:5      | Entered Level 5 of the Dungeon
  5658 | D:5      | Reached skill level 6 in Unarmed Combat
  5658 | D:5      | Reached skill level 1 in Invocations
  6076 | D:5      | Received a gift from Nemelex Xobeh
  6397 | D:6      | Shot with a bolt by a yaktaur

Illustrated notes

Levels and vault maps discovered:
D:1:      sevenhm_arrival_forest_fort_small_5, layout_basic, serial_shops,
          nicolae_shop_behind_doors
D:2:      layout_loops_ring, grunt_temple_overflow_open, serial_shops,
          nicolae_shop_crystal
D:3:      layout_basic, kennysheep_generic_room_5
D:4:      layout_loops_ring, nicolae_ashenzari_panopticon,
          minmay_temple_entry_poolview
D:5:      layout_rooms
D:6:      layout_rooms, lemuel_zombie_altar_kikubaaqudgha, serial_shops,
          kennysheep_little_box, uniq_edmund
Temple:   dpeg_chambers_temple

Skill      XL: |  1  2  3  4  5  6  7 |
---------------+----------------------+-----
Unarmed Combat | 4 5 6 |  6.1
Stealth        | 2 3 4 |  4.0
Transmutations | 3 4 |  4.6
Fighting       | 2 3 |  3.0
Invocations    | 2 |  2.3
Dodging        | |  2.0
Spellcasting   | |  2.0

Action                   |  1- 3 |  4- 6 |  7- 9 || total
-------------------------+-------+-------+-------++-------
Melee: Unarmed           |    67 |    93 |    44 ||   204
       Constrict         |    14 |    19 |     7 ||    40
       Kick              |     1 |       |       ||     1
       Tentacles         |     8 |    15 |     3 ||    26
       Punch             |     3 |     4 |     2 ||     9
 Cast: Beastly Appendage |     2 |       |       ||     2
       Spider Form       |       |       |     3 ||     3
Invok: Draw Summoning    |       |       |     1 ||     1
  Use: Scroll            |     1 |     1 |       ||     2
       Potion            |       |     2 |     5 ||     7
 Stab: Sleeping          |     6 |     8 |     2 ||    16
Armor: Skin              |     4 |     1 |     5 ||    10
Dodge: Dodged            |    26 |    52 |    39 ||   117
Block: Other             |       |    14 |     3 ||    17

Table legend: (Time is in decaauts)
 A = Elapsed time spent in this place.
 B = Non-inter-level travel time spent in this place.
 C = Inter-level travel time spent in this place.
 D = Time resting spent in this place.
 E = Time spent auto-exploring this place.
 F = Levels seen in this place.
 G = Mean time per level.
                   A        B        C        D        E       F      G
               +--------+--------+--------+--------+--------+-----+--------+
         Total |   6376 |   6203 |    173 |    914 |   4714 |   7 |  910.9 |
       Dungeon |   6124 |   5972 |    152 |    914 |   4487 |   6 | 1020.7 |
        Temple |    251 |    231 |     20 |      0 |    227 |   1 |  251.0 |
               +--------+--------+--------+--------+--------+-----+--------+

Top non-repeatable levels by time:
     D:1: 1887 daAuts
     D:4: 1586 daAuts
     D:2: 1040 daAuts
     D:5: 823 daAuts
     D:3: 775 daAuts
  Temple: 251 daAuts
     D:6: 12 daAuts
